 Dungeon Crawl Stone Soup version 0.28-a0-1613-gdaab1c2f9b (webtiles) character file.

Game seed: 12435764986070664816

50 oldriver the Stinger (level 3, -2/30 HPs)
             Began as a Naga Venom Mage on Jan 21, 2022.
             Killed by divine providence
             ... invoked by an orc priest
              (7 damage)
             ... on level 2 of the Dungeon.
             The game lasted 00:02:11 (3235 turns).

oldriver the Stinger (Naga Venom Mage)              Turns: 3235, Time: 00:02:11

Health: -2/30      AC:  2    Str: 10    XL:     3   Next: 79%
Magic:  1/6        EV: 10    Int: 17    God:
Gold:   67         SH:  0    Dex: 11    Spells: 5/6 levels left

rFire   . . .      SeeInvis +   e - +0 short sword
rCold   . . .      Faith    .   (no shield)
rNeg    . . .      Spirit   .   a - +0 robe
rPois   +          Reflect  .   (no helmet)
rElec   .          Harm     .   (no cloak)
rCorr   .          Rampage  .   (no gloves)
Will    .....                   (no barding)
Stlth   ++........              (no amulet)
HPRegen 0.10/turn               (no ring)
MPRegen 0.10/turn               (no ring)

@: very slow
A: AC +1, large, see invisible, deformed body, poison resistance, slowness 2,
spit poison 1, naga tail 1
a: Spit Poison


You were on level 2 of the Dungeon.
You visited 1 branch of the dungeon, and saw 3 of its levels.

You collected 67 gold pieces.

Inventory:

Hand Weapons
 e - a +0 short sword (weapon)
Armour
 a - a +0 robe (worn)
Scrolls
 b - a scroll of silence {unknown}
 c - a scroll of fog {unknown}
 h - a scroll of immolation {unknown}
 i - 2 scrolls of identify {unknown}
 k - a scroll of enchant weapon {unknown}
Potions
 d - a potion of heal wounds {unknown}
 f - 2 potions of curing {unknown}
 g - a potion of brilliance {unknown}
 j - a potion of berserk rage {unknown}


   Skills:
 + Level 0.5 Fighting
 + Level 2.0 Dodging
 + Level 3.7 Stealth
 + Level 2.3 Spellcasting
 + Level 1.6 Transmutations
 + Level 4.5 Poison Magic


You had 5 spell levels left.
You knew the following spells:

 Your Spells              Type           Power      Damage    Failure   Level
a - Sting                 Tmut/Pois      48%        1d5       5%          1

Your spell library contained the following spells:

 Spells                   Type           Power      Damage    Failure   Level
 Poisonous Vapours        Pois/Air       18%        N/A       11%         2
 Corpse Rot               Necr/Air       4%         N/A       28%         2
 Olgreb's Toxic Radiance  Pois           17%        N/A       28%         4
 Mephitic Cloud           Conj/Pois/Air  7%         N/A       30%         3


Dungeon Overview and Level Annotations

Branches:
Dungeon (3/15)

Altars:


Innate Abilities, Weirdness & Mutations

Your serpentine skin is tough. (AC +1)
You have supernaturally acute eyesight. (SInv)
Armour fits poorly on your strangely shaped body.
Your system is resistant to poisons. (rPois)
You cover ground very slowly.
You can spit poison.
You have a snake-like lower body.


Message History

The orc is moderately wounded.
The sting hits the orc.
The orc looks even sicker.
The orc is heavily wounded.
The orc priest casts a cantrip, but nothing happens.
The orc closely misses you.
The sting hits the orc.
The orc looks even sicker.
You kill the orc!
The sting hits the orc priest.
The orc priest is poisoned.
The orc priest is lightly wounded.
The orc priest casts a cantrip, but nothing happens.
You are too depleted to draw on your mana recklessly!
The orc priest hits you with a +0 dagger.
You climb upwards.
There is a stone staircase leading down here.
You closely miss the orc priest.
The orc priest is lightly wounded.
The orc priest hits you with a +0 dagger.
You hit the orc priest.
The orc priest is heavily wounded.
The orc priest closely misses you.
You barely miss the orc priest.
The orc priest is heavily wounded.
The orc priest mumbles some strange prayers to Beogh against you.
Pain shoots through your body!
You are too injured to fight recklessly!
You hit the orc priest.
The orc priest is severely wounded.
The orc priest mumbles some strange prayers to Beogh against you.
Pain shoots through your body!
The orc priest hits you with a +0 dagger.
* * * LOW HITPOINT WARNING * * *
You closely miss the orc priest.
The orc priest is severely wounded.
The orc priest hits you with a +0 dagger.
* * * LOW HITPOINT WARNING * * *
You hit the orc priest but do no damage.
The orc priest is severely wounded.
The orc priest mumbles some strange prayers to Beogh against you.
Beogh smites you!
You die...

### #.#.......#..#
#......# #.#.......#..#
#......# #............#
#......# ########.##.###
#......# #............#
#......# #......#...#.#
######## #...<..+...#.#
#......##..#.#
#.....('.o@#.#
#......###.#.# ##########
##'#.### #.#.# #.........
#.#.#####.#.#####.########
#.#.....#.#.............#
#.#..<#.#.#######.#..##.#
#.#.###.#.# #.#...#.#
#...# #.#.# #.##..#.#
##############.#.#
#.##..#.##


You could see an orc priest (poisoned).

Vanquished Creatures
  An adder (D:2)
  A worm (D:2)
  2 orcs (D:3)
  3 ball pythons (D:2)
  3 bats
  4 endoplasms
  2 giant cockroaches
  3 goblins (D:1)
  A hobgoblin (D:2)
  3 jackals (D:1)
  4 quokkas
  A frilled lizard (D:1)
  2 rats
30 creatures vanquished.

Notes
Turn   | Place    | Note
-------+----------+-------------------------------------------
     0 | D:1      | oldriver the Naga Venom Mage began the quest for the Orb.
     0 | D:1      | Reached XP level 1. HP: 15/15 MP: 3/3
   109 | D:1      | Found a faded altar of an unknown god.
   638 | D:1      | Reached XP level 2. HP: 22/22 MP: 3/5
  2268 | D:2      | Reached XP level 3. HP: 28/28 MP: 4/6
  3235 | D:2      | Killed from afar by an orc priest

Illustrated notes

Levels and vault maps discovered:
D:1:      dpeg_arrival_water_fire, layout_basic,
          ebering_ecumenical_altar_petrified, serial_park_tiny_2,
          minmay_pentomino_x2
D:2:      layout_basic
D:3:      layout_loops_ring, gammafunk_ghost_nasty_kobolds

Skill      XL: |  1  2  3 |
---------------+----------+-----
Dodging        | 2 |  2.0
Fighting       | |  0.5
Stealth        | |  3.7
Spellcasting   | |  2.3
Transmutations | |  1.6
Poison Magic   | |  4.5

Action                   || total
-------------------------++-------
Melee: Short sword       ||    31
       Unarmed           ||     1
 Cast: Sting             ||    55
Armor: Robe              ||     7
Dodge: Dodged            ||    47

Table legend: (Time is in decaauts)
 A = Elapsed time spent in this place.
 B = Non-inter-level travel time spent in this place.
 C = Inter-level travel time spent in this place.
 D = Time resting spent in this place.
 E = Time spent auto-exploring this place.
 F = Levels seen in this place.
 G = Mean time per level.
                   A        B        C        D        E       F      G
               +--------+--------+--------+--------+--------+-----+--------+
         Total |   3912 |   3778 |    134 |    344 |   3139 |   3 | 1304.0 |
       Dungeon |   3912 |   3778 |    134 |    344 |   3139 |   3 | 1304.0 |
               +--------+--------+--------+--------+--------+-----+--------+

Top non-repeatable levels by time:
     D:1: 2163 daAuts
     D:2: 1735 daAuts
     D:3: 13 daAuts
